 Dungeon Crawl Stone Soup version 0.31-a0-1165-g196b491b36 (webtiles) character file.

Game seed: 7955048990537261931

14317 Fodor the Severer (level 11, 0/99 HPs)
             Began as a Minotaur Fighter on Dec 8, 2023.
             Was an Initiate of Gozag.
             Slain by an orc warlord
             ... wielding a +0 war axe of freezing
              (1 damage)
             ... on level 2 of the Orcish Mines on Dec 9, 2023.
             The game lasted 01:08:04 (11279 turns).

Fodor the Severer (Minotaur Fighter)               Turns: 11279, Time: 01:08:04

Health: 0/99       AC: 26    Str: 24    XL:     11   Next: 87%
Magic:  10/10      EV:  8    Int:  5    God:    Gozag
Gold:   211        SH:  0    Dex: 11    Spells: 10/10 levels left

rFire   . . .        d - +1 battleaxe (heavy)
rCold   . . .        (shield currently unavailable)
rNeg    + . .        r - +1 plate armour
rPois   .            M - +0 hat of Udighao {rN+}
rElec   .            x - +2 cloak
rCorr   .            i - +0 pair of gloves of Precision Catastrophes {+Inv Stlth+}
SInv    .            n - +0 pair of boots
Will    +....        o - amulet of the acrobat Stlth
                     w - +4 ring of protection
HPRegen 0.36/turn    k - ring of willpower
MPRegen 0.12/turn

%: acrobat
@: gold aura
A: horns 2, retaliatory headbutt
a: Renounce Religion, Evoke Invisibility, Potion Petition, Call Merchant, Bribe
Branch


You were on level 2 of the Orcish Mines.
You worshipped Gozag.
Gozag was aware of your devotion.
You visited 3 branches of the dungeon, and saw 12 of its levels.

You collected 3122 gold pieces.
You spent 2108 gold pieces at shops.
You paid 803 gold pieces to Gozag.

Inventory:

Hand Weapons
 d - a +1 heavy battleaxe (weapon)
 v - the +11 hand axe "Hell-Harrower" {flame, rC+ Stlth+}
   (You found it on level 5 of the Dungeon)

   rC+:       It protects you from cold.
   Stlth+:    It makes you more stealthy.
 A - a +5 spectral battleaxe
 C - a +0 arbalest
Missiles
 u - 10 boomerangs (quivered)
Armour
 i - the +0 pair of gloves of Precision Catastrophes (worn) {+Inv Stlth+}
   (You acquired it on level 1 of the Orcish Mines)

   +Inv:      It lets you turn invisible.
   Stlth+:    It makes you more stealthy.
 j - a +0 kite shield
 n - a +0 pair of boots (worn)
 r - a +1 plate armour (worn)
 x - a +2 cloak (worn)
 M - the +0 hat of Udighao (worn) {rN+}
   (You bought it in a shop on level 1 of the Orcish Mines)

   rN+:       It protects you from negative energy.
Jewellery
 k - a ring of willpower (right hand)
 o - an amulet of the acrobat (around neck)
 w - a +4 ring of protection (left hand)
 F - an amulet of reflection
Talismans
 P - a serpent talisman
Wands
 t - a wand of iceblast (9)
 y - a wand of digging (5)
 E - a wand of light (9)
 G - a wand of mindburst (4)
 I - a wand of paralysis (9)
Scrolls
 a - a scroll of brand weapon
 b - 4 scrolls of revelation
 c - 2 scrolls of noise
 f - 2 scrolls of fog
 g - 2 scrolls of immolation
 l - a scroll of fear
 p - 4 scrolls of teleportation
 B - 2 scrolls of amnesia
 K - 2 scrolls of blinking
Potions
 e - 2 potions of curing
 h - a potion of magic {unknown}
 m - 2 potions of mutation {unknown}
 q - a potion of enlightenment {unknown}
 s - a potion of brilliance {unknown}
 z - 2 potions of might
 J - a potion of haste {unknown}
 L - a potion of invisibility {unknown}
 N - 3 potions of degeneration {unknown}
 O - a potion of attraction {unknown}


   Skills:
 + Level 10.0 Fighting
 + Level 15.2 Axes
 + Level 1.4 Ranged Weapons
 + Level 4.3 Throwing
 + Level 11.3 Armour
 + Level 2.7 Dodging
 + Level 2.3 Stealth
 + Level 7.9 Shields


You had 10 spell levels left.
You didn't know any spells.
Your spell library contained the following spells:

 Spells                   Type           Power      Damage    Failure   Level
 Apportation              Tloc           0%         N/A       99%         1
 Kiss of Death            Conj/Necr      0%         2d5       99%         1
 Necrotise                Necr           0%         1d4       99%         1
 Shock                    Conj/Air       0%         1d3       99%         1
 Summon Small Mammal      Summ           0%         N/A       99%         1
 Ensorcelled Hibernation  Hex/Ice        0%         N/A       100%        2
 Jinxbite                 Hex            0%         N/A       100%        2
 Confusing Touch          Hex            0%         N/A       100%        3
 Swiftness                Air            0%         N/A       100%        3
 Airstrike                Air            0%         2d(0-16)  100%        4
 Anguish                  Hex/Necr       0%         N/A       100%        4
 Brom's Barrelling Bould  Conj/Erth      0%         2d3       100%        4
 Dispel Undead            Necr           0%         3d6       100%        4
 Borgnjor's Vile Clutch   Necr/Erth      0%         N/A       100%        5
 Fireball                 Conj/Fire      0%         3d3       100%        5
 Iskenderun's Battlesphe  Conj           0%         2d6       100%        5
 Conjure Ball Lightning   Conj/Air       0%         3x3d6     100%        6
 Death Channel            Necr           0%         N/A       100%        6
 Orb of Destruction       Conj           0%         9d5       100%        7
 Animate Dead             Necr           Unusable   N/A       N/A         4

Dungeon Overview and Level Annotations

Branches:
Dungeon (9/15)             Temple (1/1) D:4             Orc (2/2) D:9
    Elf (0/3) Orc:2
   Lair: D:8-11

Altars:
Ashenzari
Cheibriados
Dithmenos
Elyvilon
Fedhas
Gozag
Hepliaklqana
Kikubaaqudgha
Makhleb
Nemelex Xobeh
Okawaru
Qazlal
Ru
Sif Muna
Trog
Uskayaw
Vehumet
Wu Jian
Xom
Yredelemnul
Zin

Shops:
D:2 *   D:9 ?   Orc:1 *   Orc:2 (**=

Annotations:
D:4 3 runed translucent doors, Fractals's ghost, amateur NaMo


Innate Abilities, Weirdness & Mutations

You have a pair of horns on your head.
You reflexively headbutt those who attack you in melee.


Message History

You cut the orc priest into ribbons!!!
You kill the orc priest!
You slice the orc warrior!!
You kill the orc warrior!
You slice the orc!!
You kill the orc!
Unknown command.
The orc warlord is no longer distracted by gold.
Things that are here:
8 gold pieces; a +0 short sword The orc warlord blocks your attack.
You headbutt the orc warlord, but do no damage.
The orc warlord hits you but does no damage.
You slice the orc warlord!!
The orc warlord is lightly wounded.
The orc warlord is distracted by your dazzling golden aura.
The orc warlord blocks your attack.
You strike the helpless orc warlord from behind!
You chop the orc warlord into pieces!!!
The orc warlord is no longer distracted by gold.
You headbutt the orc warlord!
The orc warlord is severely wounded.
The orc warlord is distracted by your dazzling golden aura.
The orc warlord blocks your attack.
The orc warlord is no longer distracted by gold.
The orc warlord shouts!
You headbutt the orc warlord!
The orc warlord is severely wounded.
The orc warlord misses you. The orc warlord blocks your attack.
The orc warlord is severely wounded.
The orc warlord hits you with a +0 war axe of freezing!!
* * * LOW HITPOINT WARNING * * *
The orc warlord freezes you!
* * * LOW HITPOINT WARNING * * *
The orc warlord hits you with a +0 war axe of freezing!
* * * LOW HITPOINT WARNING * * *
The orc warlord freezes you.
You die...
Your body crumbles into a pile of gold.

##...# ###.##.#..## ##...
......## # #....##......# ..
###............#..# ##
##.................### ##.
#..............$o.##.## #..
##.#............###...## ##.
..#............o@##....## ##..
.o.............$.$$#....######...
.................$$∩...###..##...
..................$...##.........
.$oK.)...####..#.....#..######...
.........# ##.#.....#.##.∩#.....
..h......# ###8...8###...##....
.........##...##.....##...##....#
#.........##...#.....#...##)#)###


You could see an orc warlord.

Vanquished Creatures
  Erolcha (Orc:1)
  A two-headed ogre (D:9)
  An orc high priest (Orc:2)
  Pikel (D:7)
  4 orc knights (Orc:2)
  2 orc sorcerers (Orc:2)
  Joseph (D:7)
  A kobold blastminer (Orc:2)
  Maggie (D:8)
  2 trolls (Orc:2)
  2 hornets (D:9)
  A steam dragon (D:9)
  2 wargs (Orc:2)
  A water moccasin (D:8)
  Duvessa (D:5)
  An ice beast (D:6)
  A black bear (D:8)
  24 orc warriors
  A sky beast (D:8)
  3 ogres
  5 centaurs
  A lemure (D:7)
  4 kobold brigands
  A phantom (D:6)
  5 bullfrogs
  3 scorpions
  14 wights
  Dowan (D:5)
  14 killer bees (D:9)
  A howler monkey (D:6)
  2 electric eels (D:8)
  2 jellies
  5 hounds
  15 orc priests
  3 gnoll boudas
  A sleepcap (D:6)
  2 iguanas (D:4)
  Terence (D:3)
  18 orc wizards
  6 adders
  10 gnolls
  2 shadow imps
  2 white imps (D:6)
  7 worms
  3 dart slugs
  85 orcs
  8 bats
  5 endoplasms
  2 giant cockroaches (D:1)
  12 hobgoblins
  2 jackals (D:4)
  23 kobolds
  3 quokkas
  6 ball pythons
  6 frilled lizards
  8 goblins
  2 rats
342 creatures vanquished.

Vanquished Creatures (others)
  A gnoll (D:8)
1 creature vanquished.

Grand Total: 343 creatures vanquished

Notes
Turn   | Place    | Note
-------+----------+-------------------------------------------
     0 | D:1      | Fodor the Minotaur Fighter began the quest for the Orb.
     0 | D:1      | Reached XP level 1. HP: 19/19 MP: 0/0
   204 | D:1      | Reached XP level 2. HP: 27/27 MP: 1/1
   808 | D:2      | Reached skill level 3 in Axes
   825 | D:2      | Reached XP level 3. HP: 32/33 MP: 2/2
  1240 | D:2      | Found Vefoman's Assorted Antiques.
  1273 | D:2      | Bought a scroll labelled CEDUDEF TEKAEC for 25 gold pieces
  1426 | D:3      | Noticed Terence
  1434 | D:3      | Killed Terence
  1435 | D:3      | Reached skill level 4 in Axes
  1435 | D:3      | Reached XP level 4. HP: 22/40 MP: 3/3
  1928 | D:3      | Upgraded the game from 0.31-a0-1074-g0b22e4e0f1 to
                  | 0.31-a0-1165-g196b491b36
  2220 | D:4      | Found a staircase to the Ecumenical Temple.
  2227 | Temple   | Entered the Ecumenical Temple
  2271 | Temple   | Became a worshipper of Gozag Ym Sagoz the Greedy
  2340 | D:4      | Reached XP level 5. HP: 45/47 MP: 4/4
  2340 | D:4      | Noticed an orc warrior
  2354 | D:4      | Killed an orc warrior
  2355 | D:4      | Reached skill level 5 in Axes
  2410 | D:4      | Reached skill level 1 in Dodging
  2410 | D:4      | Reached XP level 6. HP: 53/53 MP: 5/5
  2524 | D:4      | Found a runed translucent gate.
  2525 | D:4      | Found a runed translucent gate.
  2526 | D:4      | Found a runed translucent gate.
  2527 | D:4      | Noticed Fractals's ghost (amateur NaMo)
  2751 | D:4      | Reached skill level 5 in Shields
  2943 | D:4      | Reached skill level 5 in Fighting
  2943 | D:4      | Reached skill level 5 in Armour
  3196 | D:4      | Reached skill level 6 in Axes
  3506 | D:5      | Entered Level 5 of the Dungeon
  3513 | D:5      | Noticed Duvessa
  3513 | D:5      | Noticed Dowan
  3528 | D:5      | Killed Duvessa
  3529 | D:5      | Reached XP level 7. HP: 16/61 MP: 6/6
  3541 | D:5      | Killed Dowan
  3781 | D:6      | Reached skill level 7 in Axes
  4136 | D:6      | Reached XP level 8. HP: 70/70 MP: 7/7
  4259 | D:5      | Reached skill level 8 in Axes
  4594 | D:5      | Identified the +11 hand axe "Hell-Harrower" {flame, rC+
                  | Stlth+}
  5377 | D:5      | Found a broken altar of Ashenzari.
  5770 | D:6      | Reached skill level 9 in Axes
  6111 | D:6      | Reached XP level 9. HP: 74/78 MP: 8/8
  6422 | D:2      | Bought a runed morningstar for 175 gold pieces
  6422 | D:2      | Bought an amethyst potion for 22 gold pieces
  6422 | D:2      | Bought a potion of curing for 75 gold pieces
  6422 | D:2      | Bought a pair of gloves for 112 gold pieces
  6923 | D:7      | Reached skill level 10 in Axes
  6988 | D:7      | Noticed Joseph
  6995 | D:7      | Killed Joseph
  7334 | D:7      | Noticed Pikel
  7346 | D:7      | Killed Pikel
  7347 | D:7      | Reached skill level 11 in Axes
  7522 | D:8      | Noticed Maggie
  7530 | D:8      | Killed Maggie
  7535 | D:8      | Reached XP level 10. HP: 84/86 MP: 9/9
  7612 | D:8      | Found a shimmering altar of Xom.
  7984 | D:8      | Found a shadowy altar of Dithmenos.
  8154 | D:8      | Found a glowing silver altar of Zin.
  8212 | D:8      | Found a sparkling altar of Nemelex Xobeh.
  8409 | D:8      | Found a snail-covered altar of Cheibriados.
  8624 | D:9      | Reached skill level 12 in Axes
  8625 | D:9      | Reached skill level 1 in Stealth
  8627 | D:9      | Reached skill level 1 in Throwing
  9112 | D:9      | Noticed a two-headed ogre
  9117 | D:9      | Killed a two-headed ogre
  9118 | D:9      | Reached skill level 10 in Armour
  9137 | D:9      | Reached skill level 13 in Axes
  9313 | D:9      | Found an ornate altar of the Wu Jian Council.
  9486 | D:9      | Found a staircase to the Orcish Mines.
 10031 | D:9      | Bought a scroll of identify for 20 gold pieces
 10031 | D:9      | Bought a scroll of identify for 20 gold pieces
 10031 | D:9      | Bought a scroll of blinking for 75 gold pieces
 10039 | Orc:1    | Entered Level 1 of the Orcish Mines
 10045 | Orc:1    | Noticed Erolcha
 10056 | Orc:1    | Killed Erolcha
 10057 | Orc:1    | Reached XP level 11. HP: 72/97 MP: 10/10
 10148 | Orc:1    | Found Kouted's General Store.
 10172 | Orc:1    | Bought a scroll of identify for 28 gold pieces
 10172 | Orc:1    | Bought the +0 hat of Udighao {rN+} for 212 gold pieces
 10172 | Orc:1    | Bought a potion of heal wounds for 70 gold pieces
 10172 | Orc:1    | Bought a serpent talisman for 420 gold pieces
 10173 | Orc:1    | Identified a scroll of acquirement
 10174 | Orc:1    | Acquired the +0 pair of gloves of Precision Catastrophes
                  | {+Inv Stlth+}
 10305 | Orc:2    | Entered Level 2 of the Orcish Mines
 10342 | Orc:2    | Noticed an orc knight
 10357 | Orc:2    | Killed an orc knight
 10420 | Orc:2    | Reached skill level 14 in Axes
 10636 | Orc:2    | Noticed an orc warlord
 10640 | Orc:2    | Found Aukhite's Alliterative Armaments.
 10640 | Orc:2    | Noticed an orc knight
 10687 | Orc:2    | Noticed an orc high priest
 10994 | Orc:2    | Found a staircase to the Elven Halls.
 11028 | Orc:2    | Noticed an orc sorcerer
 11028 | Orc:2    | Noticed an orc knight
 11031 | Orc:2    | Noticed an orc sorcerer
 11035 | Orc:2    | Noticed an orc knight
 11040 | Orc:2    | Killed an orc knight
 11043 | Orc:2    | Killed an orc sorcerer
 11049 | Orc:2    | Killed an orc sorcerer
 11050 | Orc:2    | Reached skill level 1 in Ranged Weapons
 11061 | Orc:2    | Killed an orc high priest
 11064 | Orc:2    | Killed an orc knight
 11065 | Orc:2    | Reached skill level 15 in Axes
 11067 | Orc:2    | Found Asioven's Antique Weapon Boutique.
 11071 | Orc:2    | Killed an orc knight
 11164 | Orc:2    | Found Faewigug's Jewellery Boutique.
 11171 | Orc:2    | Bought a ring of willpower for 350 gold pieces
 11171 | Orc:2    | Bought a +4 ring of protection for 504 gold pieces
 11190 | Orc:2    | Found Qawnuac's General Store.
 11268 | Orc:2    | Reached skill level 10 in Fighting
 11279 | Orc:2    | HP: 1/99 [orc warlord/+0 war axe of freezing (17)]
 11279 | Orc:2    | Slain by an orc warlord

Illustrated notes

Levels and vault maps discovered:
D:1:      evilmike_arrival_hilbert_curve, layout_basic
D:2:      layout_basic, serial_shops, shop
D:3:      layout_basic, uniq_terence
D:4:      layout_gridville, temple_green, gammafunk_ghost_necromancy,
          minmay_diced_spiral
D:5:      layout_layer_cave, lemuel_coloured_pillars_altar, uniq_duvessa
D:6:      layout_basic
D:7:      layout_basic, uniq_joseph, uniq_pikel
D:8:      layout_loops_cross, mainiacjoe_overflow_24_doors, slow_altar_2,
          kennysheep_mini_moat, mainiacjoe_overflow_catch_the_wave, uniq_maggie
D:9:      layout_grid_maze, pdpol_wu_jian_five_deadly_venoms, david_orc_5
Temple:   eino_narrow_crystal_temple
Orc:1:    layout_diamond_mine, serial_shops,
          nicolae_shop_competitors_out_of_business, uniq_erolcha
Orc:2:    grunt_orc_cross, layout_caves, monkooky_shop_alliterative

Skill      XL: |  1  2  3  4  5  6  7  8  9 10 11 |
---------------+----------------------------------+-----
Fighting       | 4 5 6 7 9 10 | 10.0
Shields        | 4 5 6 7 |  7.9
Axes           | 3 4 5 6 7 9 11 13 15 | 15.2
Armour         | 4 5 6 9 10 11 | 11.3
Dodging        | 1 2 |  2.7
Stealth        | 2 |  2.3
Throwing       | 1 4 |  4.3
Ranged Weapons | 1 |  1.4

Action                     |  1- 3 |  4- 6 |  7- 9 | 10-12 || total
---------------------------+-------+-------+-------+-------++-------
  Melee: War axe           |    95 |   121 |   115 |       ||   331
         Headbutt          |    20 |    19 |    43 |    35 ||   117
         Hand axe          |       |       |    65 |       ||    65
         Battleaxe         |       |       |    62 |   191 ||   253
   Fire: Arbalest          |       |       |       |     2 ||     2
  Throw: Javelin           |       |       |       |    28 ||    28
         Boomerang         |       |       |       |    16 ||    16
 Invoke: Call Merchant     |       |       |       |     1 ||     1
    Use: Potion            |       |       |     5 |     6 ||    11
         Scroll            |       |       |     6 |    10 ||    16
   Stab: Distracted        |       |       |       |     4 ||     4
 Armour: Scale mail        |    70 |     8 |       |       ||    78
         Chain mail        |       |    12 |       |       ||    12
         Plate armour      |       |    67 |   181 |   185 ||   433
  Dodge: Dodged            |    57 |    51 |    88 |   138 ||   334
  Block: Buckler           |    13 |       |       |       ||    13
         Kite shield       |    35 |    58 |    83 |       ||   176

Table legend: (Time is in decaauts)
 A = Elapsed time spent in this place.
 B = Non-inter-level travel time spent in this place.
 C = Inter-level travel time spent in this place.
 D = Time resting spent in this place.
 E = Time spent auto-exploring this place.
 F = Levels seen in this place.
 G = Mean time per level.
                   A        B        C        D        E       F      G
               +--------+--------+--------+--------+--------+-----+--------+
         Total |  11447 |  10679 |    768 |   1694 |      0 |  12 |  953.9 |
       Dungeon |  10123 |   9378 |    745 |   1386 |      0 |   9 | 1124.8 |
        Temple |     61 |     38 |     23 |      0 |      0 |   1 |   61.0 |
  Orcish Mines |   1261 |   1261 |      0 |    308 |      0 |   2 |  630.5 |
               +--------+--------+--------+--------+--------+-----+--------+

Top non-repeatable levels by time:
     D:5: 1608 daAuts
     D:9: 1424 daAuts
     D:4: 1333 daAuts
     D:6: 1247 daAuts
     D:8: 1117 daAuts
     D:7: 976 daAuts
   Orc:2: 876 daAuts
     D:1: 865 daAuts
     D:3: 861 daAuts
     D:2: 690 daAuts
   Orc:1: 385 daAuts
  Temple: 61 daAuts
